 Dungeon Crawl Stone Soup version 0.26-b1-32-g5d43845318 (webtiles) character file.

Game seed: 14696071790024133583

851 inmateoo the Insei (level 8, -2/48 HPs)
             Began as a Kobold Transmuter on Jan 13, 2021.
             Slain by a gnoll (6 damage)
             ... on level 4 of the Dungeon.
             The game lasted 00:07:40 (4270 turns).

inmateoo the Insei (Kobold Transmuter)              Turns: 4270, Time: 00:07:41

Health: -2/48      AC:  4    Str:  8    XL:     8   Next: 21%
Magic:  10/13      EV: 18    Int: 15    God:
Gold:   163        SH:  0    Dex: 22    Spells: 8/14 levels left

rFire    + . .     SeeInvis .     - Unarmed
rCold    . . .     Faith    .   (shield restricted)
rNeg     . . .     Spirit   .   a - +1 robe
rPois    .         Reflect  .   p - +0 helmet
rElec    .         Harm     .   (no cloak)
rCorr    .         Rampage  .   (no gloves)
Will     .....                  (no boots)
Stlth    +.........             (no amulet)
HPRegen  0.16/turn              e - +6 ring of dexterity
MPRegen  0.13/turn              u - ring of protection from fire

@: wereblooded, glowing
A: small, nightstalker 3
a: no special abilities


You were on level 4 of the Dungeon.
You visited 1 branch of the dungeon, and saw 4 of its levels.

You collected 163 gold pieces.

Inventory:

Missiles
 d - a throwing net
 o - 20 poisoned darts (quivered)
Armour
 a - a +1 robe (worn)
 n - a +0 chain mail
 p - a +0 helmet (worn)
Jewellery
 c - an uncursed ring of willpower
 e - a +6 ring of dexterity (left hand)
 u - a ring of protection from fire (right hand)
Wands
 s - a wand of digging (2)
Scrolls
 b - 2 scrolls of fear
 h - 3 scrolls of remove curse
 i - a scroll of amnesia
 q - a scroll of enchant weapon
 t - a scroll of enchant armour
Potions
 f - 2 potions of lignification
 g - 3 potions of heal wounds {unknown}
 j - a potion of curing {unknown}
 k - a potion of resistance
 l - 2 potions of attraction
 m - a potion of flight {unknown}
 r - a potion of cancellation {unknown}
 v - a potion of invisibility


   Skills:
 + Level 3.9 Fighting
 + Level 4.4 Dodging
 * Level 6.0 Unarmed Combat
 + Level 3.8 Spellcasting
 + Level 3.6 Transmutations
 - Level 2.0 Poison Magic


You had 8 spell levels left.
You knew the following spells:

 Your Spells              Type           Power        Failure   Level
a - Beastly Appendage     Tmut           26%          4%          1
b - Wereblood             Tmut           13%          6%          2
c - Spider Form           Tmut/Pois      5%           17%         3

Your spell library contained the following spells:

 Spells                   Type           Power        Failure   Level
 Ice Form                 Ice/Tmut       8%           65%         4
 Blade Hands              Tmut           6%           75%         5


Dungeon Overview and Level Annotations

Branches:
Dungeon (4/15)
 Temple: D:4-7

Altars:


Innate Abilities, Weirdness & Mutations

You are small and have problems with some larger weapons.
You are completely attuned to the shadows.


Message History

The gnoll completely misses you.
You hit the gnoll.
The gnoll looks as sick as possible!
The gnoll is severely wounded.
You kill the gnoll!
The gnoll misses you.
You are too injured to fight recklessly! 2 orcs come into view.
Your transformation has ended.
Your +0 helmet unmelds from your body.
Your +1 robe unmelds from your body.
The orc shouts!
The gnoll hits you.
* * * LOW HITPOINT WARNING * * *
The gnoll hits you with a +0 spear!
* * * LOW HITPOINT WARNING * * *
Things that are here:
a +0 halberd; a gnoll corpse You punch the gnoll!
The gnoll is heavily wounded.
The gnoll hits you.
You die...

# # #g.g #
#..# # #..#
# #..#### #
####...... #
.....o### #
#####g#####
# #g@)..# #
#o###.#
###### #.#
#.# .....#
#.# #.#
####.# #.#
#.# #.# #.#
#.# #.# #.#
# #.# #..
#.# # #.#
#.########.#


You could see 2 gnolls and 2 orcs.

Vanquished Creatures
  Grinder (D:4)
  Sigmund (D:3)
  An ogre (D:4)
  A hound (D:4)
  An orc priest (D:4)
  A gnoll shaman (D:4)
  Jessica (D:2)
  Terence (D:3)
  3 orc wizards (D:4)
  2 worker ants (D:4)
  2 gnolls (D:4)
  2 adders
  An adder skeleton (D:4)
  3 worms
  4 dart slugs
  6 leopard geckos
  11 orcs
  6 bats
  2 giant cockroaches (D:1)
  12 goblins
  8 hobgoblins
  4 jackals
  6 frilled lizards
  3 kobolds
  A leopard gecko skeleton (D:4)
  7 rats
91 creatures vanquished.

Vanquished Creatures (others)
  7 plants (D:1)
7 creatures vanquished.

Grand Total: 98 creatures vanquished

Notes
Turn   | Place    | Note
-------+----------+-------------------------------------------
     0 | D:1      | inmateoo the Kobold Transmuter began the quest for the Orb.
     0 | D:1      | Reached XP level 1. HP: 12/12 MP: 3/3
   232 | D:1      | Reached XP level 2. HP: 16/16 MP: 3/5
   514 | D:1      | Reached XP level 3. HP: 21/21 MP: 4/6
   762 | D:1      | Learned a level 2 spell: Wereblood
   766 | D:1      | Learned a level 3 spell: Spider Form
  1522 | D:2      | Reached XP level 4. HP: 19/26 MP: 5/7
  1591 | D:2      | Noticed Jessica
  1595 | D:2      | Killed Jessica
  1596 | D:2      | Reached skill level 4 in Unarmed Combat
  2402 | D:3      | Reached XP level 5. HP: 30/30 MP: 8/8
  2600 | D:3      | Reached skill level 1 in Poison Magic
  2669 | D:3      | Noticed Sigmund
  2687 | D:3      | Killed Sigmund
  2688 | D:3      | Reached XP level 6. HP: 36/36 MP: 6/10
  3055 | D:3      | Noticed Terence
  3147 | D:4      | Reached skill level 5 in Unarmed Combat
  3157 | D:4      | Reached XP level 7. HP: 13/41 MP: 11/11
  3560 | D:3      | Killed Terence
  3713 | D:4      | Noticed Grinder
  3741 | D:4      | Killed Grinder
  4160 | D:4      | Reached XP level 8. HP: 48/48 MP: 7/13
  4265 | D:4      | Reached skill level 6 in Unarmed Combat
  4270 | D:4      | Slain by a gnoll

Illustrated notes

Levels and vault maps discovered:
D:1:      lordsloth_arrival_two_stooges, layout_loops_ring, serial_forest,
          infiniplex_forest_clump_long, infiniplex_forest_straight_3,
          infiniplex_forest_end_2, infiniplex_forest_clump_tiny,
          infiniplex_forest_corner_1, infiniplex_forest_lined_room_2,
          infiniplex_forest_end_2, infiniplex_forest_straight_2,
          infiniplex_forest_clump_curved, infiniplex_forest_lined_2
D:2:      layout_rooms, minmay_hexomino_u4, uniq_jessica
D:3:      layout_basic, uniq_sigmund, uniq_terence
D:4:      kennysheep_the_goblin_king, layout_loops_ring, uniq_grinder

Skill      XL: |  1  2  3  4  5  6  7  8 |
---------------+-------------------------+-----
Fighting       | 2 3 |  3.9
Unarmed Combat | 4 5 6 |  6.0
Poison Magic   | 1 2 |  2.0
Dodging        | 3 4 |  4.4
Spellcasting   | 3 |  3.8
Transmutations | 3 |  3.6

Action                   |  1- 3 |  4- 6 |  7- 9 || total
-------------------------+-------+-------+-------++-------
Melee: Unarmed           |    75 |   154 |    63 ||   292
       Kick              |    15 |    22 |     1 ||    38
       Headbutt          |     9 |    15 |     2 ||    26
       Punch             |       |     5 |     3 ||     8
 Cast: Beastly Appendage |    22 |    15 |     3 ||    40
       Spider Form       |       |     2 |     7 ||     9
       Wereblood         |       |       |     2 ||     2
  Use: Scroll            |     9 |       |     3 ||    12
 Stab: Sleeping          |    10 |    10 |     3 ||    23
       Distracted        |       |     2 |       ||     2
Armor: Robe              |    13 |    11 |       ||    24
       Skin              |       |     1 |     2 ||     3
Dodge: Dodged            |    48 |    95 |    40 ||   183
